 Dungeon Crawl Stone Soup version 0.26.1-11-gd32895ea62 (webtiles) character file.

Game seed: 18175722353572035489

253820 promet the Warrior (level 19, -7/194 HPs)
             Began as a Minotaur Fighter on June 11, 2021.
             Was the Champion of Nemelex Xobeh.
             Mangled by an acid blob (33 damage)
             ... on level 1 of the Pits of Slime on June 13, 2021.
             The game lasted 08:14:49 (57593 turns).

promet the Warrior (Minotaur Fighter)              Turns: 57593, Time: 08:14:49

Health: -7/194     AC: 12    Str: 22    XL:     19   Next: 0%
Magic:  0/18       EV: 13    Int:  9    God:    Nemelex Xobeh [******]
Gold:   871        SH: 10    Dex: 15    Spells: 16/18 levels left

rFire    + . .     SeeInvis .   v - +4 demon whip (elec)
rCold    . . .     Faith    .   O - +3 buckler of the Evening Star {rPois}
rNeg     + . .     Spirit   +   g - +6 chain mail {Will+}
rPois    +         Reflect  .   V - +2 hat of the Bear Spirit {Spirit, +Rage rN+ Will++}
rElec    .         Harm     .   n - +2 cloak
rCorr    +         Rampage  +   U - +2 pair of gloves
Will     ++++.                  A - +2 pair of boots {rampage}
Stlth    +.........             (no amulet)
HPRegen  0.42/turn              k - ring of protection from fire
MPRegen  0.16/turn              d - ring of resist corrosion

@: corroded, studying Slings
A: retaliatory headbutt, horns 2, thin skeletal structure 1, robust 1, screaming
1, no potion heal 1
}: 2/15 runes: decaying, serpentine
a: Renounce Religion, Evoke Berserk Rage, Draw Escape, Draw Destruction, Draw
Summoning, Triple Draw, Deal Four, Stack Five


You were on level 1 of the Pits of Slime.
You worshipped Nemelex Xobeh.
Nemelex Xobeh was exalted by your worship.
You visited 7 branches of the dungeon, and saw 35 of its levels.

You collected 3643 gold pieces.
You spent 2772 gold pieces at shops.

Inventory:

Hand Weapons
 a - the +8 trident of the Octopus King {venom, rElec rPois Will+}
   (You found it on level 1 of the Snake Pit)

   It poisons the flesh of those it strikes.
   It insulates you from electricity.
   It protects you from poison.
   It affects your willpower, your defense against some magical effects.
 b - the +7 hunting sling "Newtslayer" {freeze, Will+ Str+2 Dex+2 SInv}
   (You found it on level 4 of the Lair of Beasts)

   It causes projectiles fired from it to freeze those they strike, causing
   extra injury to most foes and up to half again as much damage against
   particularly susceptible opponents.
   They can also slow down cold-blooded creatures.
   It affects your strength (+2).
   It affects your dexterity (+2).
   It affects your willpower, your defense against some magical effects.
   It lets you see invisible.
 f - a +4 scimitar of flaming
 l - the +8 arc blade {discharge, rElec}
   (You took it off Nikola on level 1 of the Swamp)

   It insulates you from electricity.
 v - a +4 demon whip of electrocution (weapon)
 w - the +9 war axe of Action {pain, rF+++ rC- MP-9 Int+5}
   (You found it on level 2 of the Swamp)

   In the hands of one skilled in necromantic magic, it inflicts extra damage on
   living creatures.
   It affects your intelligence (+5).
   It renders you almost immune to fire.
   It makes you vulnerable to cold.
   It affects your magic capacity (-9).
 C - a +1 longbow of flaming
 N - a +1 great sword of holy wrath
 P - a +4 battleaxe of freezing
 S - the +9 hunting sling "Ybumai Fabuc" {freeze, +Inv rN+++ Dex-3 SInv}
   (You found it on level 6 of the Lair of Beasts)

   It causes projectiles fired from it to freeze those they strike, causing
   extra injury to most foes and up to half again as much damage against
   particularly susceptible opponents.
   They can also slow down cold-blooded creatures.
   It affects your dexterity (-3).
   It renders you almost immune to negative energy.
   It lets you see invisible.
   It lets you turn invisible.
Missiles
 p - 10 curare-tipped darts
 t - 141 sling bullets
 y - 128 poisoned darts
 M - 25 boomerangs (quivered)
Armour
 g - a +6 chain mail of willpower (worn)
 n - a +2 cloak (worn)
 A - a +2 pair of boots of rampaging (worn)
 O - the +3 buckler of the Evening Star (worn) {rPois}
   (You acquired it on level 10 of the Dungeon)

   It protects you from poison.
 U - a +2 pair of gloves (worn)
 V - the +2 hat of the Bear Spirit (worn) {Spirit, +Rage rN+ Will++}
   (You bought it in a shop on level 1 of the Snake Pit)

   It protects you from negative energy.
   It affects your willpower, your defense against some magical effects.
   It lets you go berserk.
Jewellery
 c - an uncursed ring of stealth
 d - a ring of resist corrosion (right hand)
 k - a ring of protection from fire (left hand)
 r - a +4 ring of protection
 u - a +4 ring of protection
 x - an uncursed ring of willpower
 B - a +4 ring of slaying
 K - a +4 ring of slaying
 R - a +6 ring of strength
 X - an uncursed ring of poison resistance
 Z - an uncursed ring of see invisible
Wands
 e - a wand of acid (24)
 s - a wand of iceblast (14)
 D - a wand of disintegration (37)
 Q - a wand of random effects (30)
Scrolls
 h - 4 scrolls of blinking
 j - 7 scrolls of teleportation
 o - 3 scrolls of magic mapping
 L - a scroll of summoning
 T - 6 scrolls of fear
Potions
 m - 2 potions of might
 G - 3 potions of cancellation
 H - 2 potions of flight
 J - a potion of berserk rage
 W - 6 potions of curing
Books
 F - a manual of Slings
Miscellaneous
 i - a phantom mirror (inert)
 z - a lightning rod (4/4)
 E - a condenser vane (inert)
 Y - a box of beasts


   Skills:
 + Level 17.1 Fighting
 + Level 0.2(4.3) Short Blades
 + Level 7.7 Long Blades
 + Level 12.6(16.2) Axes
 + Level 14.6(16.4) Maces & Flails
 + Level 9.7(12.5) Polearms
 + Level 3.2(11.8) Staves
 + Level 13.1(14.1) Slings
 + Level 8.6 Bows
 + Level 8.5(11.4) Throwing
 + Level 14.9 Armour
 + Level 8.1 Dodging
 + Level 4.6 Stealth
 + Level 10.4 Shields
 * Level 9.9 Evocations


You had 16 spell levels left.
You knew the following spells:

 Your Spells              Type           Power        Failure   Level
a - Magic Dart            Conj           0%           88%         1
b - Pain                  Necr           0%           88%         1

Your spell library contained the following spells:

 Spells                   Type           Power        Failure   Level
 Animate Skeleton         Necr           0%           88%         1
 Apportation              Tloc           0%           88%         1
 Corona                   Hex            0%           88%         1
 Foxfire                  Conj/Fire      0%           88%         1
 Summon Small Mammal      Summ           0%           88%         1
 Ensorcelled Hibernation  Hex/Ice        0%           96%         2
 Searing Ray              Conj           0%           96%         2
 Confusing Touch          Hex            0%           99%         3
 Conjure Flame            Conj/Fire      0%           99%         3
 Dazzling Flash           Conj/Hex       0%           99%         3
 Gell's Gravitas          Tloc           0%           99%         3
 Inner Flame              Hex/Fire       0%           99%         3
 Tukima's Dance           Hex            0%           99%         3
 Vampiric Draining        Necr           0%           99%         3
 Animate Dead             Necr           0%           100%        4
 Fulminant Prism          Conj/Hex       0%           100%        4
 Iskenderun's Mystic Bla  Conj/Tloc      0%           100%        4
 Petrify                  Tmut/Erth      0%           100%        4
 Sticky Flame             Conj/Fire      0%           100%        4
 Agony                    Necr           0%           100%        5
 Fireball                 Conj/Fire      0%           100%        5
 Metabolic Englaciation   Hex/Ice        0%           100%        5
 Yara's Violent Unravell  Hex/Tmut       0%           100%        5


Dungeon Overview and Level Annotations

Branches:
Dungeon (15/15)            Temple (1/1) D:7            Lair (6/6) D:10
  Swamp (4/4) Lair:3        Snake (4/4) Lair:3        Slime (3/5) Lair:6
    Orc (2/2) D:11            Elf (0/3) Orc:2        Vaults (0/5) D:14
 Depths (0/5) D:15

Altars:
Ashenzari
Cheibriados
Dithmenos
Elyvilon
Fedhas
Gozag
Kikubaaqudgha
Makhleb
Nemelex Xobeh
Okawaru
Qazlal
Ru
Sif Muna
Trog
Vehumet
Wu Jian
Xom
Yredelemnul
Jiyva

Shops:
D:7 *   D:8 }   D:9 =   D:10 *   D:11 !   D:14 =   Orc:2 }[*[   Snake:1 [
Snake:2 (*}!}

Portals:
Trove: D:11 (give 8 potions of haste)

Annotations:
Snake:1 2 transporters
Orc:1 1 runed translucent door


Innate Abilities, Weirdness & Mutations

You reflexively headbutt those who attack you in melee.
You have a pair of horns on your head.
You have a somewhat thin skeletal structure. (Dex +2, Stealth)
You are robust. (+10% HP)
You occasionally shout uncontrollably at your foes.
Potions are less effective at restoring your health.


Message History

The acid blob hits you!
* * * LOW HITPOINT WARNING * * *
You are splashed with acid.
You resist.
* * * LOW HITPOINT WARNING * * *
You hit the acid blob.
Lightning courses through the acid blob!
Your hands burn!
* * * LOW HITPOINT WARNING * * *
The acid blob is lightly wounded.
You draw a card...
You have drawn Wild Magic.
Magic surges out from the acid blob.
The acid blob seems to slow down.
You feel a surge of magic.
You feel your power returning. The acid blob hits you!!
* * * LOW HITPOINT WARNING * * *
You are splashed with acid.
You resist.
* * * LOW HITPOINT WARNING * * *
Your system partially rejects the healing.
You feel much better. The acid blob hits you!!
You die...
Your body glows with a rainbow of weird colours and disappears.

##.#...#...#
#..........###
##.#.........##
##...........# ##
##.........##
####.##........#####
##.....#..#.<..###..##
#............J..#....#
#.........@.....##
##.............#.##
#................#
#...............##
#.....#........#..##
##.##..............#
#.#...............##
#.......#.........##
##.#..###.......###


You could see an acid blob (slow).

Vanquished Creatures
  the Lernaean hydra (Swamp:4)
  Nikola (Swamp:1)
  Rupert (D:14)
  10 acid blobs
  A sphinx (Swamp:4)
  13 nagarajas
  An azure jelly (Slime:2)
  A stone giant (Orc:1)
  A green draconian (Swamp:3)
  3 bunyips
  A spark wasp (Swamp:3)
  4 eleionomae
  A great orb of eyes (Swamp:4)
  3 boulder beetles
  12 naga warriors
  22 hydras
  2 catoblepae
  3 ghost crabs
  An ice dragon (Swamp:3)
  24 two-headed ogres
  8 alligators
  4 ogre magi
  2 centaur warriors (D:15)
  3 tengu warriors
  15 anacondas
  Erica (D:10)
  13 naga sharpshooters
  6 shock serpents
  10 death yaks
  Urug (D:14)
  4 goliath frogs
  8 naga ritualists
  2 glowing orange brains
  2 spriggan druids
  An unseen horror (D:11)
  10 swamp dragons
  Pikel (D:6)
  An ugly thing (D:10)
  A lindwurm (Lair:6)
  2 orc knights
  11 mana vipers
  An oklob plant (Lair:1)
  A cyclops (D:12)
  2 shining eyes (Slime:2)
  6 will-o-the-wisps
  6 deep elf magi
  2 orc sorcerers
  2 manticores (D:14)
  A faun (Snake:2)
  2 elephants (Lair:6)
  A moth of wrath (Swamp:4)
  9 salamanders
  31 black mambas
  24 naga magi
  17 cane toads
  Joseph (D:11)
  2 guardian serpents
  An ice statue (D:15)
  3 eyes of devastation
  A gargoyle (D:11)
  A torpor snail (Lair:6)
  3 rime drakes
  10 komodo dragons
  2 kobold demonologists (D:15)
  An efreet (D:14)
  A redback zombie (D:15)
  6 trolls
  A merfolk (Snake:2)
  6 hornets
  13 tyrant leeches
  17 blink frogs
  A polar bear (Lair:6)
  26 slime creatures
  7 dream sheep (Lair:6)
  4 spriggans
  7 wyverns
  5 water elementals
  A shadow (D:15)
  A vampire (D:14)
  A fire bat (Snake:2)
  2 wraiths
  42 yaks
  7 basilisks
  4 golden eyes (Slime:2)
  17 humans
  A steam dragon (D:9)
  Grum (D:10)
  4 vampire mosquitoes (D:12)
  4 wargs (Orc:1)
  Menkaure (D:6)
  43 nagas
  A soldier ant (D:14)
  18 swamp worms
  2 acid dragons
  9 water moccasins
  A meliai simulacrum (D:15)
  7 swamp drakes
  Purgy (D:3)
  17 orc warriors
  2 phantoms
  3 sky beasts
  2 black bears
  3 eyes of draining
  3 ice beasts
  12 centaurs
  48 ogres
  2 necrophages
  3 wolves (D:10)
  A big kobold (D:15)
  20 bullfrogs
  3 gnoll sergeants
  A water moccasin zombie (D:5)
  2 scorpions
  A water moccasin skeleton (D:7)
  2 wyvern skeletons
  6 killer bees (D:7)
  7 wights (D:11)
  5 jellies
  2 howler monkeys
  3 quasits
  4 centaur zombies
  6 hounds
  13 orc priests
  15 orc wizards
  A gnoll shaman (D:7)
  7 centaur skeletons
  Jessica (D:2)
  7 iguanas
  12 worker ants
  2 lightning spires (Swamp:1)
  2 howler monkey zombies
  19 gnolls
  18 adders
  A shadow imp (D:7)
  11 white imps
  2 oozes (D:2)
  2 worms
  7 leopard geckos
  61 orcs
  4 giant cockroaches
  9 goblins
  9 hobgoblins
  30 jackals
  6 kobolds
  4 quokkas
  5 ball pythons
  4 bats
  4 frilled lizards
  2 leopard gecko skeletons (D:4)
  A quokka skeleton (D:9)
  7 rats
  A ball lightning (Swamp:1)
1029 creatures vanquished.

Vanquished Creatures (collateral kills)
  The ghost of Genoudy the Fencer, an adept OpFi of Gozag (Swamp:2)
  2 nagarajas (Snake:4)
  Louise (Snake:1)
  Nessos (D:14)
  An ogre mage (Orc:2)
  Erolcha (Orc:1)
  A hydra (Swamp:4)
  A naga warrior (Snake:4)
  An alligator (Swamp:1)
  An anaconda (Snake:4)
  3 two-headed ogres
  2 death yaks (Lair:6)
  2 naga sharpshooters (Snake:4)
  A shock serpent (Snake:1)
  A spriggan druid (Swamp:1)
  2 bog bodies (Swamp:2)
  4 swamp dragons
  An orc knight (Orc:2)
  A mana viper (Snake:2)
  3 elephants (Lair:3)
  A black mamba (Snake:4)
  3 naga magi
  A blink frog (Lair:2)
  2 yaks (Lair:6)
  A basilisk (Lair:6)
  2 nagas
  A water moccasin (Lair:6)
  A swamp drake (Swamp:4)
  An orc warrior (Orc:2)
  3 ogres (Orc:1)
  2 white imps (Lair:6)
  2 orcs (Orc:2)
51 creatures vanquished.

Vanquished Creatures (others)
  A fenstrider witch (Swamp:2)
  A tyrant leech (Swamp:1)
  A bloated husk (Swamp:1)
  A shadow (D:13)
  A leopard gecko (D:6)
  A ball lightning (Swamp:1)
  29 foxfires
  31 fungi
  51 plants
  A withered plant (D:5)
118 creatures vanquished.

Grand Total: 1198 creatures vanquished

Notes
Turn   | Place    | Note
-------+----------+-------------------------------------------
     0 | D:1      | promet the Minotaur Fighter began the quest for the Orb.
     0 | D:1      | Reached XP level 1. HP: 19/19 MP: 0/0
   829 | D:1      | Reached XP level 2. HP: 27/27 MP: 1/1
  1108 | D:1      | Reached skill level 4 in Fighting
  1674 | D:2      | Noticed Jessica
  1681 | D:2      | Killed Jessica
  1682 | D:2      | Reached XP level 3. HP: 16/33 MP: 2/2
  2082 | D:2      | Reached XP level 4. HP: 40/40 MP: 3/3
  2106 | D:2      | Found a bloodstained altar of Trog.
  2936 | D:3      | Gained mutation: You are robust. (+10% HP) [potion of
                  | mutation]
  2936 | D:3      | Gained mutation: You have a somewhat thin skeletal
                  | structure. (Dex +2, Stealth) [potion of mutation]
  2936 | D:3      | Gained mutation: Your muscles are strong. (Str +2) [potion
                  | of mutation]
  3006 | D:3      | Reached skill level 1 in Slings
  3075 | D:3      | Found a sacrificial altar of Ru.
  3233 | D:3      | Noticed Purgy
  3242 | D:3      | Killed Purgy
  3243 | D:3      | Reached XP level 5. HP: 33/51 MP: 4/4
  3608 | D:4      | Reached skill level 5 in Maces & Flails
  3608 | D:4      | Reached XP level 6. HP: 58/58 MP: 5/5
  3667 | D:4      | Reached skill level 5 in Armour
  4079 | D:4      | Reached skill level 1 in Dodging
  4270 | D:4      | Found a shadowy altar of Dithmenos.
  4474 | D:5      | Entered Level 5 of the Dungeon
  4525 | D:5      | Found a shimmering blue altar of Sif Muna.
  4536 | D:5      | Reached skill level 1 in Throwing
  4536 | D:5      | Reached skill level 5 in Shields
  4536 | D:5      | Reached XP level 7. HP: 50/66 MP: 6/6
  4628 | D:5      | Reached skill level 5 in Fighting
  4944 | D:5      | Found a basalt altar of Yredelemnul.
  4992 | D:5      | Found a broken altar of Ashenzari.
  5179 | D:5      | Reached skill level 1 in Bows
  5206 | D:5      | Reached XP level 8. HP: 52/74 MP: 7/7
  5484 | D:6      | Noticed Menkaure
  5491 | D:6      | Killed Menkaure
  5502 | D:6      | Noticed Pikel
  5582 | D:6      | Reached skill level 1 in Long Blades
  5832 | D:6      | Found a radiant altar of Vehumet.
  5954 | D:6      | Found an ornate altar of the Wu Jian Council.
  6190 | D:6      | Killed Pikel
  6191 | D:6      | Reached skill level 6 in Fighting
  6341 | D:6      | Reached skill level 5 in Bows
  6341 | D:6      | Reached XP level 9. HP: 60/82 MP: 8/8
  6740 | D:7      | Found a white marble altar of Elyvilon.
  6787 | D:7      | Found a snail-covered altar of Cheibriados.
  6915 | D:7      | Found Nunkaf's Assorted Antiques.
  6948 | D:7      | Bought a runed demon whip for 378 gold pieces
  6965 | D:7      | Reached skill level 5 in Long Blades
  7209 | D:7      | Found a staircase to the Ecumenical Temple.
  7219 | Temple   | Entered the Ecumenical Temple
  7244 | Temple   | Became a worshipper of Nemelex Xobeh the Trickster
  7786 | D:7      | Found an iron altar of Okawaru.
  7832 | D:7      | Reached skill level 1 in Stealth
  7841 | D:7      | Reached skill level 7 in Fighting
  8093 | D:8      | Found Kyijup Soad's Gadget Emporium.
  9152 | D:8      | Found a burning altar of Makhleb.
  9152 | D:8      | Noticed a cacodemon
  9331 | D:9      | Reached XP level 10. HP: 94/94 MP: 9/9
  9697 | D:9      | Found Nooxun Wucvy's Jewellery Shoppe.
  9761 | D:9      | Reached * piety under Nemelex Xobeh
  9877 | D:9      | Found a stormy altar of Qazlal.
  9975 | D:9      | Received a gift from Nemelex Xobeh
 10125 | D:10     | Entered Level 10 of the Dungeon
 10136 | D:10     | Found Elek's Assorted Antiques.
 10136 | D:10     | Noticed Erica
 10148 | D:10     | Killed Erica
 10149 | D:10     | Reached skill level 8 in Fighting
 10498 | D:10     | Noticed a red ugly thing
 10499 | D:10     | Noticed Grum
 10515 | D:10     | Killed a red ugly thing
 10591 | D:10     | Killed Grum
 10592 | D:10     | Reached skill level 10 in Maces & Flails
 11073 | D:10     | Reached skill level 1 in Staves
 11909 | D:10     | Reached XP level 11. HP: 87/104 MP: 10/10
 12018 | D:10     | Identified a scroll of acquirement
 12018 | D:10     | Acquired the +3 buckler of the Evening Star {rPois}
 12249 | D:10     | Found a staircase to the Lair.
 12989 | Lair:1   | Entered Level 1 of the Lair of Beasts
 13119 | D:10     | Reached skill level 9 in Fighting
 13201 | Lair:1   | Noticed a seven-headed hydra
 13225 | Lair:1   | Killed a two-headed hydra
 13676 | Lair:1   | Noticed an oklob plant
 13692 | Lair:1   | Killed an oklob plant
 13824 | Lair:1   | Reached ** piety under Nemelex Xobeh
 14132 | Lair:1   | Received a gift from Nemelex Xobeh
 14719 | Lair:2   | Received a gift from Nemelex Xobeh
 15022 | Lair:2   | Reached XP level 12. HP: 106/116 MP: 11/11
 15031 | Lair:2   | Learned a level 1 spell: Magic Dart
 15033 | Lair:2   | Learned a level 1 spell: Pain
 15087 | Lair:2   | Reached skill level 10 in Armour
 15322 | Lair:2   | Noticed a six-headed hydra
 15337 | Lair:2   | Killed a six-headed hydra
 15338 | Lair:2   | Reached skill level 10 in Fighting
 15431 | Lair:2   | Noticed an eight-headed hydra
 15448 | Lair:2   | Killed an eight-headed hydra
 15614 | Lair:2   | Noticed a seven-headed hydra
 15623 | Lair:2   | Killed a seven-headed hydra
 15624 | Lair:2   | Reached skill level 5 in Throwing
 15938 | Lair:3   | Reached *** piety under Nemelex Xobeh
 16205 | Lair:3   | Reached skill level 5 in Dodging
 16381 | Lair:3   | Found a staircase to the Snake Pit.
 16408 | Lair:3   | Received a gift from Nemelex Xobeh
 16862 | Lair:3   | Found an iron altar of Okawaru.
 16863 | Lair:3   | Identified the -1 trident of Hepliaklqana's Fury {speed,
                  | rF- rN+ SInv}
 17067 | Lair:3   | Found a staircase to the Swamp.
 17307 | Lair:4   | Noticed a four-headed hydra
 17313 | Lair:4   | Killed a four-headed hydra
 17633 | Lair:4   | Found a bloodstained altar of Trog.
 17676 | Lair:4   | Got a translucent hunting sling
 17676 | Lair:4   | Identified the +7 hunting sling "Newtslayer" {freeze, Will+
                  | Str+2 Dex+2 SInv} (You found it on level 4 of the Lair of
                  | Beasts)
 17985 | Lair:4   | Received a gift from Nemelex Xobeh
 18123 | Lair:4   | Reached **** piety under Nemelex Xobeh
 18668 | Lair:5   | Noticed a seven-headed hydra
 18695 | Lair:5   | Killed a seven-headed hydra
 18696 | Lair:5   | Reached skill level 11 in Fighting
 18696 | Lair:5   | Reached XP level 13. HP: 127/127 MP: 12/12
 19130 | Lair:5   | Reached skill level 1 in Axes
 19709 | Lair:6   | Entered Level 6 of the Lair of Beasts
 19709 | Lair:6   | Received a gift from Nemelex Xobeh
 20303 | Lair:6   | Reached skill level 5 in Slings
 20352 | Lair:6   | Found a staircase to the Slime Pits.
 20352 | Lair:6   | Found a viscous altar of Jiyva.
 20355 | Lair:6   | Received a gift from Nemelex Xobeh
 21094 | Lair:6   | Reached skill level 12 in Fighting
 22014 | Lair:6   | Reached skill level 5 in Axes
 22633 | Lair:6   | Reached XP level 14. HP: 139/139 MP: 13/13
 22675 | Lair:6   | Identified the +9 hunting sling "Ybumai Fabuc" {freeze,
                  | +Inv rN+++ Dex-3 SInv} (You found it on level 6 of the Lair
                  | of Beasts)
 23378 | D:11     | Received a gift from Nemelex Xobeh
 23450 | D:11     | Reached ***** piety under Nemelex Xobeh
 23485 | D:11     | Noticed Joseph
 23490 | D:11     | Killed Joseph
 24321 | D:11     | Found Lyihyw's Distillery.
 24666 | D:11     | Found a staircase to the Orcish Mines.
 24732 | D:11     | Found a portal to a secret trove of treasure.
 24883 | D:11     | Bought a potion of heal wounds for 90 gold pieces
 25330 | Orc:1    | Entered Level 1 of the Orcish Mines
 25807 | Orc:2    | Entered Level 2 of the Orcish Mines
 25807 | Orc:2    | Found a staircase to the Elven Halls.
 26198 | Orc:2    | Reached skill level 13 in Fighting
 26202 | Orc:2    | Received a gift from Nemelex Xobeh
 27377 | Orc:2    | Found Aquqody's Gadget Shoppe.
 27377 | Orc:2    | Found Ruompav's Assorted Antiques.
 27449 | Orc:2    | Found Ufos's Armour Emporium.
 27449 | Orc:2    | Found Urorgh's Antique Armour Boutique.
 28437 | Orc:1    | Found a runed translucent door.
 29262 | Orc:1    | Noticed Erolcha
 29451 | D:8      | Bought a wand of digging (4) for 176 gold pieces
 29610 | Orc:1    | Noticed a stone giant
 29621 | Orc:1    | Killed a stone giant
 29622 | Orc:1    | Reached skill level 10 in Slings
 29634 | Orc:1    | Killed Erolcha
 29635 | Orc:1    | Reached XP level 15. HP: 111/150 MP: 14/14
 29885 | Orc:2    | Bought a condenser vane for 600 gold pieces
 29946 | D:12     | Received a gift from Nemelex Xobeh
 29989 | D:12     | Reached skill level 10 in Axes
 30187 | D:12     | Reached skill level 1 in Evocations
 30352 | D:12     | Reached skill level 14 in Fighting
 30696 | D:12     | Received a gift from Nemelex Xobeh
 31508 | D:13     | Received a gift from Nemelex Xobeh
 32482 | D:14     | Received a gift from Nemelex Xobeh
 33032 | D:14     | Reached ****** piety under Nemelex Xobeh
 33107 | D:14     | Found Suedip's Jewellery Shop.
 33173 | D:14     | Noticed Urug
 33205 | D:14     | Killed Urug
 33259 | D:14     | Found a gate to the Vaults.
 33269 | D:14     | Noticed Nessos
 33363 | D:14     | Killed Nessos
 33611 | D:14     | Noticed Rupert
 33622 | D:14     | Killed Rupert
 34044 | Swamp:1  | Entered Level 1 of the Swamp
 34068 | Swamp:1  | Noticed Nikola
 34093 | Swamp:1  | Killed Nikola
 34513 | Snake:1  | Entered Level 1 of the Snake Pit
 34907 | Snake:1  | Reached skill level 1 in Polearms
 34953 | Snake:1  | Found the +8 trident of the Octopus King {venom, rElec
                  | rPois Will+}
 34954 | Snake:1  | Noticed Louise
 34973 | Snake:1  | Killed Louise
 35136 | Snake:1  | Received a gift from Nemelex Xobeh
 35137 | Snake:1  | Found a transporter.
 35203 | Snake:1  | Found a transporter.
 36374 | Snake:1  | Received a gift from Nemelex Xobeh
 36749 | Snake:1  | Found Diokotul's Antique Armour Shop.
 36768 | Snake:1  | Bought the +2 hat of the Bear Spirit {Spirit, +Rage rN+
                  | Will++} for 1290 gold pieces
 36768 | Snake:1  | Found the +2 hat of the Bear Spirit {Spirit, +Rage rN+
                  | Will++}
 37274 | Snake:2  | Reached XP level 16. HP: 161/161 MP: 15/15
 37485 | Snake:2  | Identified the +5 executioner's axe of Xom's Benevolence
                  | {elec, *Corrode Int+4 Dex+4 SInv}
 37676 | Snake:2  | Found Lerumue's Antique Weapon Boutique.
 37698 | Snake:2  | Found Wiraf's Gadget Emporium.
 37935 | Snake:2  | Found Masurhal's Distillery.
 37951 | Snake:2  | Reached skill level 5 in Polearms
 38223 | Snake:2  | Reached skill level 5 in Evocations
 38292 | Snake:2  | Found Tunac's Assorted Antiques.
 38305 | Snake:2  | Found Nipliymp's Gadget Boutique.
 38595 | Snake:2  | Reached skill level 15 in Fighting
 38696 | Snake:2  | Received a gift from Nemelex Xobeh
 40563 | Snake:3  | Received a gift from Nemelex Xobeh
 42135 | Snake:3  | Received a gift from Nemelex Xobeh
 43266 | Snake:4  | Entered Level 4 of the Snake Pit
 43685 | Snake:4  | Reached XP level 17. HP: 167/171 MP: 14/16
 44256 | Snake:4  | Received a gift from Nemelex Xobeh
 46837 | Snake:4  | Got a serpentine rune of Zot
 46860 | Snake:4  | Got an ancient plate armour
 46870 | Snake:4  | Identified the cursed +1 plate armour "Mynev" {rC+ Str+3}
                  | (You found it on level 4 of the Snake Pit)
 47120 | Snake:4  | Reached skill level 16 in Fighting
 47609 | Swamp:1  | Received a gift from Nemelex Xobeh
 48178 | Swamp:2  | Found a runed translucent gate.
 48178 | Swamp:2  | Found a runed translucent gate.
 48178 | Swamp:2  | Found a runed translucent gate.
 48836 | Swamp:2  | Noticed Genoudy's ghost (adept OpFi)
 48898 | Swamp:2  | Got a translucent war axe
 48898 | Swamp:2  | Identified the +9 war axe of Action {pain, rF+++ rC- MP-9
                  | Int+5} (You found it on level 2 of the Swamp)
 49118 | Swamp:2  | Received a gift from Nemelex Xobeh
 49610 | Swamp:2  | Killed Genoudy's ghost
 50446 | Swamp:3  | Noticed Aizul
 50452 | Swamp:3  | Noticed Aizul
 50452 | Swamp:3  | Aizul changed into Aizul the spark wasp
 50459 | Swamp:3  | Killed Aizul the spark wasp
 50801 | Swamp:3  | Reached XP level 18. HP: 168/182 MP: 17/17
 50997 | Swamp:4  | Entered Level 4 of the Swamp
 51057 | Swamp:3  | Received a gift from Nemelex Xobeh
 51843 | Swamp:4  | Received a gift from Nemelex Xobeh
 52150 | Swamp:4  | Noticed the 27-headed Lernaean hydra
 52160 | Swamp:4  | Killed the 26-headed Lernaean hydra
 52505 | Swamp:4  | Got a decaying rune of Zot
 53324 | D:15     | Entered Level 15 of the Dungeon
 53768 | D:15     | Received a gift from Nemelex Xobeh
 54201 | D:15     | Found a blossoming altar of Fedhas.
 54795 | D:15     | Reached skill level 10 in Shields
 54849 | D:15     | Found a staircase to the Depths.
 55058 | D:9      | Bought a cursed ring of resist corrosion for 238 gold
                  | pieces
 55294 | Slime:1  | Entered Level 1 of the Pits of Slime
 55444 | Slime:2  | Received a gift from Nemelex Xobeh
 55878 | Slime:1  | Lost mutation: Your muscles are strong. (Str +2) [a shining
                  | eye]
 55883 | Slime:2  | Gained mutation: Your magical capacity is low. (-10% MP) [a
                  | shining eye]
 55889 | Slime:2  | Lost mutation: Your magical capacity is low. (-10% MP) [a
                  | shining eye]
 55894 | Slime:2  | Gained mutation: You occasionally shout uncontrollably at
                  | your foes. [a shining eye]
 55896 | Slime:2  | Reached skill level 17 in Fighting
 56481 | Slime:2  | Gained mutation: Potions are less effective at restoring
                  | your health. [a shining eye]
 57587 | Slime:1  | Reached XP level 19. HP: 84/194 MP: 3/18
 57592 | Slime:1  | HP: 8/194 [acid (3)]
 57593 | Slime:1  | Mangled by an acid blob

Illustrated notes

Levels and vault maps discovered:
D:1:      heliophobic_arrival_battle_scene, layout_basic
D:2:      layout_basic, nicolae_overflow_hidden_temple, uniq_jessica
D:3:      layout_basic, nicolae_ru_awakened_eye, uniq_purgy
D:4:      layout_loops_ring, nicolae_dithmenos_the_darkroom
D:5:      layout_basic, yredelemnul_altar_generic, marbit_many_paths,
          lemuel_round_altar, guppyfry_early_lair_pool
D:6:      layout_loops_cross, nzn_wu_jian_contemplation, fiery_altar_vehumet,
          uniq_menkaure, uniq_pikel
D:7:      layout_basic, okawaru_gym_becter, elyvilon_altar_4,
          cheibriados_altar_1, minmay_temple_entry_statues_fountains,
          serial_shops, shop_statue, kennysheep_small_circle
D:8:      layout_loops_cross, serial_shops, shop, corexii_hall_statues_i,
          makhleb_altar_promises_db
D:9:      layout_long_grid, grunt_qazlal_sundering, serial_shops, shop,
          grunt_ministairs_10
D:10:     layout_layer_cave, erik_lair_dragon, serial_shops, shop, uniq_grum,
          uniq_erica
D:11:     layout_irregular_city, orc_0_dummy, trove_entry_hex_spiral,
          serial_shops, nicolae_shop_stone, minmay_sticks_and_stones
D:12:     layout_roguey, nicolae_underground_beach
D:13:     layout_loops_ring, serial_glass, glass_columns_b, glass_columns_b,
          nicolae_straight_to_the_point
D:14:     layout_cross, david_vaults_3, kennysheep_cross_room,
          solitary_fountain, minmay_shop_grid_forest
D:15:     grunt_enter_depths_magical_seal, layout_loops_ring, fedhas_altar_3,
          minivault_15, grunt_ministairs_9
Temple:   cyrus_temple_forest
Lair:1:   layout_big_grid, eino_small_chamber_without_monster,
          nicolae_quartered_pool_super, minivault_19, minmay_lair_oklob_chamber
Lair:2:   beast_lair_carwin_large_1, layout_small_grid, grunt_megastairs_2
Lair:3:   layout_roguey, minmay_swamp_entry_worms,
          minmay_snake_entry_guardpost_medium, lemuel_centaur_altar,
          infiniplex_staircase_pool_2
Lair:4:   layout_long_grid, basic_altar
Lair:5:   layout_cave_pods, grunt_megastairs_4, serial_bayou_shore_b
Lair:6:   hangedman_lair_in_review, layout_layer_cave, slime_altar_1,
          portal_ice_cave_entry_imps, serial_bayou_pond_e, serial_bayou_shore_b
Swamp:1:  layout_falls_marsh, nicolae_swamp_fairy_circle, swamp_pool4,
          hangedman_swamp_phenomena, uniq_nikola
Swamp:2:  layout_basic_swamp, gammafunk_ghost_split, hangedman_swamp_diagram
Swamp:3:  layout_basic_swamp, evilmike_swamp_ruin_house_5, swamp_pool2,
          hangedman_swamp_dais, uniq_aizul
Swamp:4:  swamp_old_school, layout_basic_swamp
Snake:1:  gammafunk_the_bubble [the_bubble_gammafunk_grid], layout_chambers,
          serial_shops, shop, uniq_rupert, uniq_louise
Snake:2:  kennysheep_snake, layout_grid_shapes, serial_shops, shop, shop_statue,
          nicolae_shop_temple_entry_statues_fountains, shop, shop_statue
Snake:3:  layout_gridlike
Snake:4:  snake_pit, layout_gridlike, serial_bayou_pond_d
Slime:1:  layout_caves
Slime:2:  layout_caves
Slime:3:  layout_caves, nicolae_slime_welcoming_committee
Orc:1:    lemuel_ogre_cave, layout_caves, lightli_church_of_beogh
Orc:2:    st_orc_ogre_mass, layout_caves

Skill      XL: |  1  2  3  4  5  6  7  8  9 10 11 12 13 14 15 16 17 18 |
---------------+-------------------------------------------------------+-----
Armour         | 4 5 7 8 9 10 11 12 13 14 | 14.9
Fighting       | 4 5 6 7 8 9 11 12 13 14 15 16 17 | 17.1
Shields        | 4 5 6 7 8 9 10 | 10.4
Maces & Flails | 3 4 5 6 7 8 10 11 13 14 | 14.6
Slings         | 1 2 3 4 8 10 11 12 13 | 13.1
Dodging        | 1 2 3 4 5 6 7 8 |  8.1
Throwing       | 1 4 5 6 7 8 |  8.5
Bows           | 3 5 7 8 |  8.6
Long Blades    | 4 6 7 |  7.7
Stealth        | 1 2 3 4 |  4.6
Staves         | 1 3 |  3.2
Axes           | 6 9 10 11 12 | 12.6
Evocations     | 4 6 8 9 |  9.9
Polearms       | 3 8 9 |  9.7
Short Blades   | |  0.2

Action                   |  1- 3 |  4- 6 |  7- 9 | 10-12 | 13-15 | 16-18 | 19-21 || total
-------------------------+-------+-------+-------+-------+-------+-------+-------++-------
Melee: Flail             |    62 |   143 |    31 |       |       |       |       ||   236
       Headbutt          |    10 |    25 |    59 |    89 |   175 |   221 |     1 ||   580
       Long sword        |       |       |    79 |       |    14 |       |       ||    93
       Demon whip        |       |       |   153 |   434 |   366 |   384 |     4 ||  1341
       Trident           |       |       |     3 |       |    66 |   357 |       ||   426
       Lajatang          |       |       |       |    26 |       |       |       ||    26
       Scimitar          |       |       |       |    11 |    12 |    13 |       ||    36
       Broad axe         |       |       |       |     2 |    83 |    29 |       ||   114
       Whip              |       |       |       |       |    16 |       |       ||    16
       Battleaxe         |       |       |       |       |   143 |       |       ||   143
       Dagger            |       |       |       |       |    22 |       |       ||    22
       Demon trident     |       |       |       |       |    20 |       |       ||    20
       Great sword       |       |       |       |       |     7 |       |       ||     7
       War axe           |       |       |       |       |       |   137 |       ||   137
       Rapier            |       |       |       |       |       |     4 |       ||     4
 Fire: Hunting sling     |    18 |     2 |     3 |    31 |   434 |   509 |       ||   997
       Shortbow          |       |       |    79 |    56 |     4 |       |       ||   139
       Longbow           |       |       |       |       |     9 |       |       ||     9
Throw: Stone             |     2 |    19 |       |       |       |       |       ||    21
       Javelin           |       |     7 |     4 |     7 |       |       |       ||    18
       Boomerang         |       |       |       |    64 |    53 |   195 |       ||   312
       Dart              |       |       |       |     5 |       |       |       ||     5
Invok: Draw Escape       |       |       |       |     2 |    11 |     9 |       ||    22
       Draw Destruction  |       |       |       |     6 |    54 |    59 |     1 ||   120
       Draw Summoning    |       |       |       |     4 |    11 |    15 |       ||    30
Evoke: Wand              |       |       |     3 |     1 |     2 |     3 |       ||     9
       Tin of tremorston |       |       |       |       |     2 |       |       ||     2
       Lightning rod     |       |       |       |       |     4 |     3 |       ||     7
       Condenser vane    |       |       |       |       |       |     3 |       ||     3
       Phantom mirror    |       |       |       |       |       |     2 |       ||     2
       Box of beasts     |       |       |       |       |       |     1 |       ||     1
  Use: Scroll            |     4 |     6 |     8 |    15 |    13 |    20 |       ||    66
       Potion            |       |     6 |     4 |     5 |     7 |    14 |     2 ||    38
 Stab: Sleeping          |       |       |       |     4 |     6 |       |       ||    10
       Distracted        |       |       |       |       |       |     3 |       ||     3
Armor: Scale mail        |    21 |    57 |    96 |    89 |    99 |       |       ||   362
       Chain mail        |       |       |       |       |   185 |   519 |       ||   704
       Ring mail         |       |       |       |       |    42 |       |       ||    42
       Plate armour      |       |       |       |       |       |    33 |       ||    33
Dodge: Dodged            |    23 |    38 |   168 |   150 |   387 |   433 |       ||  1199
Block: Kite shield       |    26 |    69 |     1 |       |       |       |       ||    96
       Buckler           |       |       |       |    61 |    85 |   347 |       ||   493
       Rpst.: Long sword |       |       |    15 |       |     3 |       |       ||    18
       Scimitar          |       |       |       |     2 |     2 |       |       ||     4
       Great sword       |       |       |       |       |     1 |       |       ||     1
